Description

Trying to open safely into 3 base roaches

Replay - A.I. 1 (Easy) v hellorush - Acropolis LE

Build Order

Get SALT Encoding   

  12  0:00  Drone  
  13  0:12  Overlord  
  13  0:16  Drone  
  14  0:30  Drone x3  
  17  0:52  Hatchery  
  17  0:55  Drone x2  
  17  1:02  Extractor  
  17  1:15  Spawning Pool  
  16  1:19  Drone x3  
  19  1:39  Overlord  
  19  2:02  Zergling x4  
  21  2:03  Queen x2  
  25  2:11  Metabolic Boost  
  25  2:14  Drone x5  
  30  2:32  Overlord  
  30  2:38  Queen x2  
  34  2:49  Overlord  
  35  2:51  Drone x4  
  38  3:12  Hatchery  
  37  3:14  Drone x8  
  45  3:29  Overlord  
  45  3:34  Drone  
  46  3:39  Drone  
  47  3:52  Pneumatized Carapace  
  47  3:58  Zergling x6  
  50  4:04  Overlord x3  
  50  4:05  Roach Warren  
  50  4:06  Drone x2  
  51  4:12  Drone x2  
  51  4:13  Drone  
  54  4:17  Extractor  
  54  4:18  Extractor, Drone x2  
  54  4:27  Drone x3  
  57  4:31  Queen  
  57  4:34  Evolution Chamber x2  
  57  4:37  Drone x3  
  60  4:38  Spore Crawler  
  59  4:47  Spore Crawler  
  59  4:49  Roach x3  
  59  4:50  Roach, Spore Crawler  
  65  4:53  Roach  
  67  5:08  Overlord x2  
  67  5:13  Overlord  
  67  5:17  Extractor, Drone x3  
  67  5:19  Drone  
  67  5:20  Drone  
  71  5:21  Drone  
Spawning Tool Build Advisor. Get it on Overwolf

Go to:

Details

  • Created by: hellorush
  • Published on: Jul 08, 2019
  • Modified on: Jul 08, 2019
  • Patch: 4.7.1
Show
View Real Time Build Order
Export as new Build Order

Comments (0)

There are no comments. Be the first!

Create an account to comment!